 Dungeon Crawl Stone Soup version 0.27-a0-506-g2188dfaaa0 (webtiles) character file.

Game seed: 6422699530257816941

53 Gaff the Sneak (level 4, -2/27 HPs)
             Began as a Kobold Brigand on Mar 3, 2021.
             Slain by an orc wizard
             ... wielding a +0 dagger
              (3 damage)
             ... on level 2 of the Dungeon.
             The game lasted 00:02:29 (1244 turns).

Gaff the Sneak (Kobold Brigand)                     Turns: 1244, Time: 00:02:30

Health: -2/27      AC:  4    Str:  8    XL:     4   Next: 11%
Magic:  4/4        EV: 14    Int: 12    God:
Gold:   97         SH:  0    Dex: 23    Spells: 3/3 levels left

rFire    . . .     SeeInvis .   a - +2 dagger
rCold    . . .     Faith    .   (shield restricted)
rNeg     . . .     Spirit   .   q - +0 leather armour
rPois    .         Reflect  .   (no helmet)
rElec    .         Harm     .   c - +0 cloak
rCorr    .         Rampage  .   (no gloves)
Will     .....                  (no boots)
Stlth    +++++.....             (no amulet)
HPRegen  0.09/turn              m - +6 ring of dexterity
MPRegen  0.09/turn              (no ring)

@: no status effects
A: small, nightstalker 3
a: no special abilities


You were on level 2 of the Dungeon.
You visited 1 branch of the dungeon, and saw 2 of its levels.

You collected 97 gold pieces.

Inventory:

Hand Weapons
 a - a +2 dagger (weapon)
Missiles
 d - 30 poisoned darts (quivered)
 e - 2 curare-tipped darts
 j - 4 boomerangs
Armour
 b - a +0 robe
 c - a +0 cloak (worn)
 q - a +0 leather armour (worn)
Jewellery
 m - a +6 ring of dexterity (left hand)
Scrolls
 f - a scroll of enchant armour {unknown}
 g - 4 scrolls of identify {unknown}
 h - a scroll of random uselessness {unknown}
 l - a scroll of enchant weapon {unknown}
 r - a scroll of noise {unknown}
 s - a scroll of magic mapping {unknown}
Potions
 i - a potion of haste {unknown}
 k - a potion of cancellation {unknown}
 n - a potion of might
 o - 2 potions of degeneration {unknown}
 p - a potion of mutation {unknown}
 t - a potion of magic {unknown}


   Skills:
 + Level 2.3 Fighting
 + Level 3.1 Short Blades
 + Level 2.3 Throwing
 + Level 0.1 Armour
 + Level 1.2 Dodging
 + Level 7.0 Stealth


You had 3 spell levels left.
You didn't know any spells.
Your spell library was empty.

Dungeon Overview and Level Annotations

Branches:
Dungeon (2/15)

Altars:


Innate Abilities, Weirdness & Mutations

You are small and have problems with some larger weapons.
You are completely attuned to the shadows.


Message History

The orc wizard flickers and vanishes!
Deactivating autopickup; reactivate with Ctrl-A.
The orc hits you but does no damage.
You hit the orc wizard.
The orc wizard is moderately wounded.
The orc wizard hits you but does no damage.
The orc closely misses you.
You hit the orc wizard but do no damage.
The orc wizard is moderately wounded.
The orc wizard gestures at itself while chanting.
The orc wizard flickers and vanishes!
The orc misses you.
You hit something. Something hits you but does no damage.
The orc closely misses you.
You miss something. Something hits you but does no damage.
You hit something but do no damage. The orc hits you with a +0 dagger.
Something hits you but does no damage.
You hit the orc.
The orc is moderately wounded.
The orc hits you with a +0 dagger.
You hit the orc.
The orc is heavily wounded.
You barely miss the orc.
The orc is heavily wounded.
You miss something. Something hits you but does no damage.
You miss something. Something hits you but does no damage.
You hit something.
Something hits you but does no damage. x2
You hit something.
You hear some strange, mumbled words.
A puff of flame appears from out of thin air!
The puff of flame hits you!
* * * LOW HITPOINT WARNING * * *
Something hits you but does no damage.
You miss something. Something hits you.
* * * LOW HITPOINT WARNING * * *
You hit something but do no damage. Something hits you but does no damage.
Something completely misses you.
You hit something. Something barely misses you.
Something hits you but does no damage.
You hit something but do no damage. Something hits you.
You die...

. #.# ##.. #.# ...#
##'## ### ##...## #
.#### ##.....## ##..
...# ##.......## ...#
######.###.........####.
..##
.......oo{{........'....
#.#
8...8o.o##@........####.
#.# ......o.###.......##
. # .....o..# ##.....##
# °.......# ##...##
8...8..## ####†##
.......# ##....#
##.###.# ##.## ##.# #.##
#.#


You could see 2 orcs.

Vanquished Creatures
  An adder (D:2)
  An ooze (D:2)
  2 worms (D:2)
  A dart slug (D:2)
  A leopard gecko (D:1)
  An orc (D:2)
  6 bats
  A giant cockroach (D:2)
  A hobgoblin (D:2)
  5 jackals (D:2)
  2 kobolds (D:2)
  A quokka (D:2)
  3 frilled lizards (D:1)
  A goblin (D:1)
  3 rats (D:2)
30 creatures vanquished.

Notes
Turn   | Place    | Note
-------+----------+-------------------------------------------
     0 | D:1      | Gaff the Kobold Brigand began the quest for the Orb.
     0 | D:1      | Reached XP level 1. HP: 12/12 MP: 1/1
   371 | D:1      | Reached XP level 2. HP: 15/17 MP: 2/2
   717 | D:1      | Reached skill level 6 in Stealth
   854 | D:2      | Reached XP level 3. HP: 21/21 MP: 3/3
  1127 | D:2      | Reached XP level 4. HP: 27/27 MP: 4/4
  1222 | D:2      | Reached skill level 7 in Stealth
  1241 | D:2      | HP: 1/27 [something (5)]
  1244 | D:2      | Slain by an orc wizard

Illustrated notes

Levels and vault maps discovered:
D:1:      tarquinn_simple_flora_water_d, layout_loops_ring
D:2:      cheibrodos_pilgrimage, layout_loops_corners, lemuel_round_altar,
          minmay_tetromino_i4

Skill      XL: |  1  2  3  4 |
---------------+-------------+-----
Stealth        | 6 7 |  7.0
Short Blades   | 3 |  3.1
Fighting       | |  2.3
Throwing       | |  2.3
Armour         | |  0.1
Dodging        | |  1.2

Action                   |  1- 3 |  4- 6 || total
-------------------------+-------+-------++-------
Melee: Dagger            |    53 |    31 ||    84
 Stab: Sleeping          |    17 |     1 ||    18
       Distracted        |     1 |       ||     1
Armor: Robe              |     3 |       ||     3
       Leather armour    |     5 |    11 ||    16
Dodge: Dodged            |    26 |    12 ||    38

Table legend: (Time is in decaauts)
 A = Elapsed time spent in this place.
 B = Non-inter-level travel time spent in this place.
 C = Inter-level travel time spent in this place.
 D = Time resting spent in this place.
 E = Time spent auto-exploring this place.
 F = Levels seen in this place.
 G = Mean time per level.
                   A        B        C        D        E       F      G
               +--------+--------+--------+--------+--------+-----+--------+
         Total |   1231 |   1215 |     16 |      0 |    955 |   2 |  615.5 |
       Dungeon |   1231 |   1215 |     16 |      0 |    955 |   2 |  615.5 |
               +--------+--------+--------+--------+--------+-----+--------+

Top non-repeatable levels by time:
     D:1: 801 daAuts
     D:2: 429 daAuts
